 Dungeon Crawl Stone Soup version 0.19.1 (webtiles) character file.

1470 Gargoyl the Chopper (level 8, -1/69 HPs)
             Began as a Ghoul Abyssal Knight on Dec 15, 2016.
             Was a Priest of Lugonu.
             Slain by an orc warrior
             ... wielding a +0 hand axe
              (7 damage)
             ... on level 5 of the Dungeon.
             The game lasted 00:12:58 (5117 turns).

Gargoyl the Chopper (Ghoul Abyssal Knight)          Turns: 5117, Time: 00:12:59

Health: -1/69      AC: 12    Str: 16    XL:     8   Next: 78%
Magic:  10/10      EV:  7    Int:  7    God:    Lugonu [***...]
Gold:   160        SH:  0    Dex: 10    Spells: 0 memorised, 7 levels left

rFire  . . .     SeeInvis .     f - +0 broad axe
rCold  + . .     Gourm    .     q - +0 chain mail
rNeg   + + +     Faith    .     (no shield)
rPois  ∞         Spirit   .     t - +0 helmet
rElec  .         Reflect  .     (no cloak)
rCorr  .         Harm     .     (no gloves)
MR     .....                    e - +0 pair of boots
Stlth  ..........               (no amulet)
                                (no ring)
                                (no ring)

@: rotting
A: rotting body, claws 1, carnivore 3, cold resistance 1, negative energy
resistance 3, slow regeneration 1, torment resistance, unbreathing
a: Depart the Abyss, Bend Space, Banish, Renounce Religion


You were on level 5 of the Dungeon.
You worshipped Lugonu.
Lugonu was most pleased with you.
You were not hungry.

You visited 1 branch of the dungeon, and saw 5 of its levels.
You visited the Abyss 1 time.

You collected 160 gold pieces.

Inventory:

Hand Weapons
 f - a +0 broad axe (weapon)
 u - a +1 war axe
Armour
 e - a +0 pair of boots (worn)
 q - a +0 chain mail (worn)
 t - a +0 helmet (worn)
Wands
 l - a wand of slowing (23/48)
 o - a wand of confusion (26/48)
Scrolls
 b - a scroll of fog
 d - a scroll of summoning
 g - a scroll of recharging
 h - a scroll of remove curse
 j - a scroll of magic mapping
 k - 3 scrolls of teleportation
 m - 8 scrolls of identify
 v - a scroll of fear {unknown}
Potions
 i - a potion of mutation
 p - a potion of degeneration {unknown}
 r - a potion of curing
 s - a potion of haste {unknown}
 w - a potion of lignification {unknown}
Comestibles
 a - 8 chunks of flesh
 c - 2 meat rations
 n - a royal jelly


   Skills:
 + Level 5.5 Fighting
 + Level 6.3 Axes
 * Level 5.5 Armour
 + Level 1.2 Dodging
 * Level 4.7 Invocations


You had 7 spell levels left.
You didn't know any spells.

Dungeon Overview and Level Annotations

Branches:
Dungeon (5/15)
 Temple: D:4-7

Altars:
Ashenzari
Elyvilon
Kikubaaqudgha
Sif Muna


Innate Abilities, Weirdness & Mutations

Your body is rotting away.
You thrive on raw meat.
You are immune to poison.
You have sharp fingernails.
You are carnivorous and can eat meat at any time.
Your flesh is cold resistant. (rC+)
You are immune to negative energy. (rN+++)
You regenerate slowly when monsters are visible.
You are immune to unholy pain and torment.
You can survive without breathing.


Message History

The orc warrior barely misses you.
You barely miss the orc warrior.
The orc warrior hits you with a hand axe!
You closely miss the orc warrior.
The orc warrior hits you but does no damage.
The orc warrior hits you with a hand axe!
You closely miss the orc warrior.
The orc warrior hits you with a hand axe!
You barely miss the orc warrior.
The orc warrior hits you with a hand axe.
You hit the orc warrior but do no damage.
The orc warrior hits you with a hand axe!
You hit the orc warrior but do no damage.
The orc warrior hits you with a hand axe!
* * * LOW HITPOINT WARNING * * *
You barely miss the orc warrior.
The orc warrior hits you with a hand axe.
* * * LOW HITPOINT WARNING * * *
The orc warrior hits you with a hand axe!
You die...

#.#######.# #......##.#
###....##.# #####
#....##.##### #...#
##....##.....# #...#
#.....##.....######...#####
#.#####*...................
#.########.#####.##...#####
#.........@o.....##...#
#########........##...#
#........###### ########.#
##.......# #.......##
#.......# #.......#
##.######


You could see an orc warrior.

Vanquished Creatures
  Menkaure (D:4)
  Edmund (D:4)
  An ice beast (D:3)
  An ogre (D:5)
  A phantom (D:4)
  A centaur (D:5)
  A scorpion (D:5)
  A bullfrog zombie (D:5)
  A gnoll shaman (D:4)
  A jelly (D:5)
  2 orc priests
  A bullfrog skeleton (D:4)
  An iguana (D:5)
  8 orc wizards
  5 worker ants
  A worker ant zombie (D:5)
  6 adders
  3 gnolls
  An adder zombie (D:5)
  An ooze (D:3)
  5 worms
  3 dart slugs (D:1)
  2 leopard geckos (D:5)
  30 orcs
  9 bats
  5 giant cockroaches
  12 goblins
  4 hobgoblins
  4 jackals (D:4)
  2 quokkas
  2 ball pythons
  3 frilled lizards
  11 kobolds
  3 rats
134 creatures vanquished.

Vanquished Creatures (others)
  An ogre (D:5)
1 creature vanquished.

Grand Total: 135 creatures vanquished

Notes
Turn   | Place    | Note
-------+----------+-------------------------------------------
     0 | Abyss:1  | Gargoyl the Ghoul Abyssal Knight began the quest for the Orb.
     0 | Abyss:1  | Reached XP level 1. HP: 19/19 MP: 1/1
    14 | Abyss:2  | Found a radiant altar of Vehumet.
    14 | Abyss:2  | Found a corrupted altar of Lugonu.
    16 | Abyss:2  | Found a corrupted altar of Lugonu.
    33 | Abyss:3  | Noticed a large abomination
    70 | Abyss:3  | Noticed a fire bat
    72 | Abyss:3  | Noticed a chaos spawn
    72 | D:1      | Escaped the Abyss
   260 | D:1      | Reached XP level 2. HP: 23/26 MP: 2/2
   273 | D:1      | Reached * piety under Lugonu
   507 | D:1      | Reached skill level 1 in Dodging
   652 | D:1      | Reached skill level 2 in Axes
   678 | D:1      | Reached XP level 3. HP: 32/33 MP: 3/3
  1162 | D:2      | Reached XP level 4. HP: 25/40 MP: 4/4
  1209 | D:2      | Found an ancient bone altar of Kikubaaqudgha.
  1296 | D:2      | Reached ** piety under Lugonu
  1348 | D:2      | Found a shattered altar of Ashenzari.
  1348 | D:2      | Found a deep blue altar of Sif Muna.
  1778 | D:3      | Reached skill level 3 in Axes
  1963 | D:3      | Noticed an ice beast
  1994 | D:3      | Killed an ice beast
  1994 | D:3      | Reached XP level 5. HP: 23/47 MP: 4/6
  2125 | D:3      | Reached XP level 6. HP: 31/53 MP: 7/7
  2393 | D:4      | Reached skill level 4 in Axes
  2473 | D:4      | Reached *** piety under Lugonu
  2683 | D:4      | Noticed a phantom
  2750 | D:4      | Killed a phantom
  2750 | D:4      | Reached XP level 7. HP: 22/59 MP: 8/8
  2928 | D:4      | Noticed Menkaure
  2945 | D:4      | Killed Menkaure
  2945 | D:4      | Reached skill level 5 in Axes
  3420 | D:4      | HP: 2/57 [ogre/giant club (20)]
  3439 | D:5      | Entered Level 5 of the Dungeon
  3445 | D:5      | HP: 3/60 [scorpion (4)]
  4097 | D:4      | Reached skill level 5 in Fighting
  4118 | D:4      | Reached XP level 8. HP: 40/68 MP: 9/9
  4371 | D:4      | Noticed Edmund
  4395 | D:4      | Killed Edmund
  4625 | D:5      | Reached skill level 5 in Armour
  4697 | D:5      | Reached skill level 6 in Axes
  4819 | D:5      | Found a white marble altar of Elyvilon.
  5117 | D:5      | Slain by an orc warrior

Skill      XL: |  1  2  3  4  5  6  7  8 |
---------------+-------------------------+-----
Armour         | 2 3 4 5 |  5.5
Dodging        | 1 |  1.2
Axes           | 2 3 4 5 6 |  6.3
Fighting       | 4 5 |  5.5
Invocations    | 3 4 |  4.7

Action                   |  1- 3 |  4- 6 |  7- 9 || total
-------------------------+-------+-------+-------++-------
Melee: Broad axe         |    86 |   218 |   213 ||   517
       Hand axe          |     3 |       |       ||     3
Invok: Depart the Abyss  |     1 |       |       ||     1
       Bend Space        |       |       |     1 ||     1
       Banish            |       |       |     1 ||     1
Evoke: Wand              |       |       |     1 ||     1
  Use: Potion            |     1 |     1 |     3 ||     5
       Scroll            |       |       |     9 ||     9
 Stab: Confused          |       |       |     2 ||     2
  Eat: Chunk             |    11 |    33 |    31 ||    75
       Meat ration       |     1 |       |       ||     1
Armor: Leather armour    |    46 |     9 |       ||    55
       Chain mail        |       |   166 |   175 ||   341
Dodge: Dodged            |    92 |   130 |   108 ||   330
